 Dungeon Crawl Stone Soup version 0.23-a0-151-gf6d1ed2 (webtiles) character file.

9 Amnesiac the Chiller (level 2, -1/19 HPs)
             Began as a Mummy Ice Elementalist on Sept 8, 2018.
             Slain by a hound skeleton (4 damage)
             ... on level 4 of the Dungeon.
             The game lasted 00:01:15 (482 turns).

Amnesiac the Chiller (Mummy Ice Elementalist)        Turns: 482, Time: 00:01:16

Health: -1/19      AC:  2    Str: 11    XL:     2   Next: 3%
Magic:  0/5        EV: 12    Int: 14    God:
Gold:   59         SH:  0    Dex: 12    Spells: 5/6 levels left

rFire    x . .     SeeInvis .   (no weapon)
rCold    + . .     Gourm    .   (no shield)
rNeg     + + +     Faith    .   a - +0 robe
rPois    ∞         Spirit   .   (no helmet)
rElec    .         Reflect  .   (no cloak)
rCorr    .         Harm     .   (no gloves)
MR       .....                  (no boots)
Stlth    ++........             b - amulet of magic regeneration
HPRegen  0.06/turn              (no ring)
MPRegen  0.34/turn              (no ring)

@: no status effects
A: no food or potions, fire vulnerability, cold resistance 1, negative energy
resistance 3, torment resistance, unbreathing
a: no special abilities


You were on level 4 of the Dungeon.
You were not hungry.

You visited 1 branch of the dungeon, and saw 4 of its levels.

You collected 59 gold pieces.

Inventory:

Armour
 a - a +0 robe (worn)
Jewellery
 b - an amulet of magic regeneration (around neck)
Scrolls
 c - a scroll of teleportation {!r, unknown}
 d - a scroll of remove curse {!r, unknown}
 e - a scroll of enchant armour {!r, unknown}


   Skills:
 - Level 1.5 Dodging
 - Level 1.5 Stealth
 + Level 2.8 Spellcasting
   Level 0.7 Conjurations
 * Level 2.9 Ice Magic


You had 5 spell levels left.
You knew the following spells:

 Your Spells              Type           Power        Failure   Level  Hunger
a - Freeze                Ice            ##..         7%          1    N/A

Your spell library contained the following spells:

 Spells                   Type           Power        Failure   Level  Hunger
 Throw Frost              Conj/Ice       #.....       16%         2    N/A
 Ozocubu's Armour         Chrm/Ice       #.......     34%         3    N/A
 Throw Icicle             Conj/Ice       #.......     71%         4    N/A
 Summon Ice Beast         Ice/Summ       #.......     75%         4    N/A

Dungeon Overview and Level Annotations

Branches:
Dungeon (4/15)
 Temple: D:4-7

Altars:

Annotations:
D:3 1 runed door, pskda's ghost, weakling HOSk


Innate Abilities, Weirdness & Mutations

You do not eat or drink.
Your flesh is vulnerable to fire.
You are immune to poison.
Your flesh is cold resistant. (rC+)
You are immune to negative energy. (rN+++)
You are immune to unholy pain and torment.
You can survive without breathing.


Message History

You freeze the hound skeleton.
The hound skeleton resists.
The hound skeleton is heavily damaged.
The hound skeleton bites you.
* * * LOW HITPOINT WARNING * * *
Casting: Freeze (safe; 7% risk of failure)
Confirm with . or Enter, or press ? or * to list all spells.
You don't have enough magic to cast that spell.
You hit the hound skeleton but do no damage.
The hound skeleton is heavily damaged.
The hound skeleton bites you but does no damage.
Casting: Freeze (safe; 7% risk of failure)
Confirm with . or Enter, or press ? or * to list all spells.
You don't have enough magic to cast that spell.
You hit the hound skeleton.
The hound skeleton is heavily damaged.
The hound skeleton bites you.
* * * LOW HITPOINT WARNING * * *
The hound skeleton barely misses you.
Casting: Freeze (safe; 7% risk of failure)
Confirm with . or Enter, or press ? or * to list all spells.
Aiming: Freeze (safe; 7% risk of failure)
Press: ? - help, Shift-Dir - straight line, f/p - hound skeleton
Aim: a hound skeleton (heavily damaged)
You freeze the hound skeleton.
The hound skeleton resists.
The hound skeleton is severely damaged.
The hound skeleton barely misses you.
You hit the hound skeleton.
The hound skeleton is severely damaged.
The hound skeleton bites you but does no damage.
Casting: Freeze (safe; 7% risk of failure)
Confirm with . or Enter, or press ? or * to list all spells.
You don't have enough magic to cast that spell.
You hit the hound skeleton.
The hound skeleton is severely damaged.
The hound skeleton bites you.
* * * LOW HITPOINT WARNING * * *
The hound skeleton bites you but does no damage.
Casting: Freeze (safe; 7% risk of failure)
Confirm with . or Enter, or press ? or * to list all spells.
Aiming: Freeze (safe; 7% risk of failure)
Press: ? - help, Shift-Dir - straight line, f/p - hound skeleton
Aim: a hound skeleton (severely damaged)
You freeze the hound skeleton.
The hound skeleton completely resists.
The hound skeleton is severely damaged.
The hound skeleton completely misses you.
You hit the hound skeleton but do no damage.
The hound skeleton is severely damaged.
The hound skeleton bites you but does no damage.
Casting: Freeze (safe; 7% risk of failure)
Confirm with . or Enter, or press ? or * to list all spells.
You don't have enough magic to cast that spell.
You hit the hound skeleton.
The hound skeleton is almost destroyed.
The hound skeleton bites you.
* * * LOW HITPOINT WARNING * * *
Casting: Freeze (safe; 7% risk of failure)
Confirm with . or Enter, or press ? or * to list all spells.
Aiming: Freeze (safe; 7% risk of failure)
Press: ? - help, Shift-Dir - straight line, f/p - hound skeleton
Aim: a hound skeleton (almost destroyed)
You freeze the hound skeleton.
The hound skeleton resists.
The hound skeleton is almost destroyed.
The hound skeleton barely misses you. The hound skeleton bites you.
You die...

#.# #.# ####.#####
##........#######.#
#.....Z#..........#
#....#...P###.Z.
#.##.#P.....P..
#.##w#......#..
#.#..#@.[...#
.#.###.#.wZ......P.#
#.........#.....P#..
........#.........#.#
#.#.#####..###++#P# #
##... ... ##### .


You could see a worm and a hound skeleton.

Vanquished Creatures
  A dart slug (D:1)
  An orc (D:3)
  A ball python (D:1)
  A giant cockroach (D:2)
  2 kobolds (D:1)
6 creatures vanquished.

Notes
Turn   | Place    | Note
-------+----------+-------------------------------------------
     0 | D:1      | Amnesiac the Mummy Ice Elementalist began the quest for the
                  | Orb.
     0 | D:1      | Reached XP level 1. HP: 13/13 MP: 4/4
   418 | D:3      | Noticed a bullfrog
   425 | D:3      | Reached XP level 2. HP: 19/19 MP: 2/5
   431 | D:3      | Found a runed door.
   435 | D:3      | Noticed pskda's ghost (weakling HOSk)
   482 | D:4      | Slain by a hound skeleton

Vault maps used:
D:1:      sevenhm_arrival_forest_fort_small_4
D:2:      lightli_corner_chamber
D:3:      ebering_ghost_sewer_f, okawaru_metal_pillars_1_2
D:4:      cheibrodos_old_hovel, minmay_overflow_temple_star_hex, first_ration

Action                   || total
-------------------------++-------
Melee: Unarmed           ||    15
 Cast: Freeze            ||    23
Armor: Robe              ||     9
Dodge: Dodged            ||    22

Table legend:
 A = Non-vault XP
 B = Vault XP
 C = Vault XP percentage of total XP
 D = Non-vault monster count
 E = Vault monster count
 F = Vault count percentage of total count
                 A         B        C        D         E       F
            +---------+---------+-------+---------+---------+-------
      Total |      13 |       0 |   0.0 |       6 |       0 |   0.0
            +---------+---------+-------+---------+---------+-------
        D:1 |       8 |       0 |   0.0 |       4 |       0 |   0.0
        D:2 |       2 |       0 |   0.0 |       1 |       0 |   0.0
        D:3 |       3 |       0 |   0.0 |       1 |       0 |   0.0
            +---------+---------+-------+---------+---------+-------
